 Dungeon Crawl Stone Soup version 0.27-a0-1232-gc6a4cbde82 (webtiles) character file.

Game seed: 1279700875814321485

0 ZappyNine the Caller (level 1, -2/10 HPs)
             Began as a Tengu Summoner on June 8, 2021.
             Frozen to death by an endoplasm (3 damage)
             ... on level 1 of the Dungeon.
             The game lasted 00:00:20 (28 turns).

ZappyNine the Caller (Tengu Summoner)                 Turns: 28, Time: 00:00:21

Health: -2/10      AC:  2    Str:  8    XL:     1   Next: 10%
Magic:  1/4        EV: 12    Int: 15    God:
Gold:   0          SH:  0    Dex: 14    Spells: 3/4 levels left

rFire    . . .     SeeInvis .   (no weapon)
rCold    . . .     Faith    .   (no shield)
rNeg     . . .     Spirit   .   a - +0 robe
rPois    .         Reflect  .   (helmet restricted)
rElec    .         Harm     .   (no cloak)
rCorr    .         Rampage  .   (no gloves)
Will     .....                  (boots unavailable)
Stlth    ++........             (no amulet)
HPRegen  0.03/turn              (no ring)
MPRegen  0.09/turn              (no ring)

@: no status effects
A: beak, talons 3
a: no special abilities


You were on level 1 of the Dungeon.
You visited 1 branch of the dungeon, and saw 1 of its levels.

Inventory:

Armour
 a - a +0 robe (worn)


   Skills:
 - Level 2.1 Dodging
 - Level 2.0 Stealth
 + Level 2.0 Spellcasting
 + Level 4.8 Summonings


You had 3 spell levels left.
You knew the following spells:

 Your Spells              Type           Power      Damage    Failure   Level
a - Summon Small Mammal   Summ           64%        N/A       3%          1

Your spell library contained the following spells:

 Spells                   Type           Power      Damage    Failure   Level
 Call Imp                 Summ           16%        N/A       4%          2
 Call Canine Familiar     Summ           16%        N/A       9%          3
 Summon Guardian Golem    Hex/Summ       8%         N/A       24%         3
 Summon Ice Beast         Ice/Summ       8%         N/A       63%         4
 Summon Lightning Spire   Summ/Air       8%         N/A       63%         4


Dungeon Overview and Level Annotations

Branches:
Dungeon (1/15)

Altars:


Innate Abilities, Weirdness & Mutations

You have a beak for a mouth.
You have claws for feet.


Message History

Your bat hits the endoplasm.
Your bat closely misses the rat.
The rat bites your bat but does no damage.
Your bat hits the rat but does no damage.
The endoplasm freezes you.
You are frozen.
* * * LOW HITPOINT WARNING * * *
Your bat barely misses the endoplasm.
Your bat closely misses the rat.
Your bat hits the endoplasm but does no damage.
Unknown command.
Your bat hits the endoplasm.
Your bat hits the rat but does no damage.
Your bat barely misses the endoplasm.
The endoplasm misses your bat.
Casting: Summon Small Mammal (safe; 3% risk of failure)
Confirm with . or Enter, or press ? or * to list all spells.
Your bat hits the endoplasm but does no damage.
Your bat hits the rat.
Your bat hits the endoplasm but does no damage.
The rat bites you.
* * * LOW HITPOINT WARNING * * *
Your bat hits the endoplasm but does no damage.
The endoplasm barely misses your bat.
Unknown command.
You hit the rat but do no damage.
The rat is moderately wounded.
Your bat hits the endoplasm.
Your bat hits the rat but does no damage.
Your bat hits the rat.
Your bat barely misses the rat.
The rat closely misses your bat.
Unknown command.
Unknown command.
You catch the helpless rat completely off-guard!
You hit the rat but do no damage. Your kick misses the rat.
The rat is severely wounded.
Your bat hits the endoplasm but does no damage.
Your bat hits the endoplasm.
Your bat barely misses the rat.
Your bat hits the endoplasm. The rat barely misses you.
The endoplasm freezes you.
You are frozen.
You die... #### ######## ..(!. #......# .....##......# .............# #b.b## #..Jr# ♣♣♣♣♣♣♣♣♣#.b.@## ♣.......♣####..# ♣.PPPPP.♣

##.# ... ♣.P≈≈≈P.♣
####.###....
♣.P≈8≈P[♣##.......#
♣.P≈≈≈P...#.......#
♣.PPPPP.♣.........#
♣......<♣##.......#
♣♣♣♣♣♣♣♣♣ #.......#


You could see an endoplasm (ally target), a rat (ally target) and 3 friendly
bats.

Vanquished Creatures (collateral kills)
  A ball python (D:1)
1 creature vanquished.

Notes
Turn   | Place    | Note
-------+----------+-------------------------------------------
     0 | D:1      | ZappyNine the Tengu Summoner began the quest for the Orb.
     0 | D:1      | Reached XP level 1. HP: 10/10 MP: 4/4
    28 | D:1      | Frozen to death by an endoplasm

Illustrated notes

Levels and vault maps discovered:
D:1:      tarquinn_simple_flora_water_a, layout_basic,
          ebering_ecumenical_altar_sacrificial

Action                   || total
-------------------------++-------
Melee: Unarmed           ||     4
       Kick              ||     1
       Peck              ||     1
 Cast: Summon Small Mamm ||     3
 Stab: Distracted        ||     1
Armor: Robe              ||     3
Dodge: Dodged            ||     6

Table legend: (Time is in decaauts)
 A = Elapsed time spent in this place.
 B = Non-inter-level travel time spent in this place.
 C = Inter-level travel time spent in this place.
 D = Time resting spent in this place.
 E = Time spent auto-exploring this place.
 F = Levels seen in this place.
 G = Mean time per level.
                   A        B        C        D        E       F      G
               +--------+--------+--------+--------+--------+-----+--------+
         Total |     28 |     28 |      0 |      0 |     14 |   1 |   28.0 |
       Dungeon |     28 |     28 |      0 |      0 |     14 |   1 |   28.0 |
               +--------+--------+--------+--------+--------+-----+--------+

Top non-repeatable levels by time:
     D:1: 28 daAuts
